 Dungeon Crawl Stone Soup version 0.28.0-43-g3370ac3207 (webtiles) character file.

Game seed: 16594248282062925730

672 RascalDebosk the Skirmisher (level 7, -1/61 HPs)
             Began as a Hill Orc Fighter on Mar 7, 2022.
             Slain by a two-headed ogre
             ... wielding a +0 giant spiked club
              (21 damage)
             ... on level 5 of the Dungeon.
             The game lasted 00:46:01 (4693 turns).

RascalDebosk the Skirmisher (Hill Orc Fighter)      Turns: 4693, Time: 00:46:01

Health: -1/61      AC: 11    Str: 21    XL:     7   Next: 58%
Magic:  10/10      EV:  9    Int:  8    God:
Gold:   247        SH:  4    Dex: 10    Spells: 6/6 levels left

rFire   . . .      SeeInvis .   a - +0 war axe
rCold   . . .      Faith    .   c - +0 buckler
rNeg    . . .      Spirit   .   b - +1 scale mail
rPois   .          Reflect  .   n - +0 helmet
rElec   .          Harm     .   (no cloak)
rCorr   .          Rampage  .   e - +0 pair of gloves
Will    .....                   h - +0 pair of boots
Stlth   ..........              (no amulet)
HPRegen 0.20/turn               (no ring)
MPRegen 0.12/turn               (no ring)

@: no status effects
A: no striking features
a: no special abilities


You were on level 5 of the Dungeon.
You visited 2 branches of the dungeon, and saw 6 of its levels.

You collected 247 gold pieces.

Inventory:

Hand Weapons
 a - a +0 war axe (weapon)
 m - a +6 vorpal falchion
Missiles
 k - 7 poisoned darts (quivered)
 x - 3 silver boomerangs
Armour
 b - a +1 scale mail (worn)
 c - a +0 buckler (worn)
 e - a +0 pair of gloves (worn)
 h - a +0 pair of boots (worn)
 n - a +0 helmet (worn)
Wands
 j - a wand of acid (6)
 l - a wand of polymorph (5)
 v - a wand of flame (18)
Scrolls
 o - 4 scrolls of teleportation
 p - a scroll of fog
 q - a scroll of fear
 r - a scroll of enchant armour
 s - a scroll of magic mapping
 u - a scroll of identify
Potions
 d - a potion of might
 f - a potion of haste {unknown}
 g - 3 potions of attraction
 i - 3 potions of lignification
 t - 2 potions of degeneration {unknown}
 w - 2 potions of curing {unknown}


   Skills:
 + Level 5.3 Fighting
 + Level 5.0 Axes
 + Level 4.9 Armour
 + Level 4.7 Shields
 + Level 4.0 Invocations
 + Level 3.0 Evocations


You had 6 spell levels left.
You didn't know any spells.
Your spell library contained the following spells:

 Spells                   Type           Power      Damage    Failure   Level
 Animate Skeleton         Necr           0%         N/A       82%         1
 Conjure Flame            Conj/Fire      0%         6-21      99%         3
 Ignite Poison            Fire/Tmut/Pois 0%         N/A       99%         3
 Portal Projectile        Hex/Tloc       0%         N/A       99%         3
 Dispel Undead            Necr           0%         3d6       100%        4
 Leda's Liquefaction      Hex/Erth       0%         N/A       100%        4
 Sticky Flame             Conj/Fire      0%         2d3       100%        4
 Borgnjor's Revivificati  Necr           0%         N/A       100%        8


Dungeon Overview and Level Annotations

Branches:
Dungeon (5/15)             Temple (1/1) D:5

Altars:
Ashenzari
Dithmenos
Elyvilon
Gozag
Hepliaklqana
Kikubaaqudgha
Makhleb
Nemelex Xobeh
Qazlal
Ru
Sif Muna
Trog
Uskayaw
Vehumet
Wu Jian
Xom
Yredelemnul
Zin


Message History

Throw: 10 darts (poison)
Press: ? - help, Q - select action, (/) - cycle Shift-Dir - straight line, f/p - two-headed ogre
Aim: a two-headed ogre, wielding two +0 giant spiked clubs (poisoned, 73% to hit)
You throw a poisoned dart.
The poisoned dart hits the two-headed ogre.
Throw: 9 darts (poison)
Press: ? - help, Q - select action, (/) - cycle Shift-Dir - straight line, f/p - two-headed ogre
Aim: a two-headed ogre, wielding two +0 giant spiked clubs (poisoned, 73% to hit)
You throw a poisoned dart.
The poisoned dart hits the two-headed ogre.
The two-headed ogre looks even sicker.
Throw: 8 darts (poison)
Press: ? - help, Q - select action, (/) - cycle Shift-Dir - straight line, f/p - two-headed ogre
Aim: a two-headed ogre, wielding two +0 giant spiked clubs (very poisoned, 73% to hit)
You throw a poisoned dart.
The poisoned dart completely misses the two-headed ogre.
The two-headed ogre looks more healthy.
You block the two-headed ogre's attack. The two-headed ogre closely misses you.
You barely miss the two-headed ogre.
The two-headed ogre is lightly wounded.
The two-headed ogre closely misses you. The two-headed ogre barely misses you.
You hit the two-headed ogre.
The two-headed ogre is moderately wounded.
You block the two-headed ogre's attack. The two-headed ogre closely misses you.
You closely miss the two-headed ogre.
The two-headed ogre is moderately wounded.
The two-headed ogre closely misses you. x2
You slash the two-headed ogre!
The two-headed ogre is moderately wounded.
The two-headed ogre hits you with a +0 giant spiked club!
The two-headed ogre closely misses you.
You closely miss the two-headed ogre.
The two-headed ogre is moderately wounded.
The two-headed ogre hits you with a +0 giant spiked club.
The two-headed ogre hits you with a +0 giant spiked club!
You hit the two-headed ogre but do no damage.
The two-headed ogre is moderately wounded.
The two-headed ogre hits you with a +0 giant spiked club!
The two-headed ogre hits you with a +0 giant spiked club!!
You die...

#......# #.######
############ #...#
...........######.#.#######
(..........+..............#
...........####.#.......###
...........# ##.#.#.###.#
...........###.........)#
...............O@.......#
###########.#...#.####..#
........###.#.....# #..#
#####...........#.####..# #
#.##.##.#...#.......# #
#....##.#.....#####.#
#####.........#.........#
##........†.#.#.#########
##..........#.#.#


You could see a two-headed ogre.

Vanquished Creatures
  A necrophage (D:5)
  2 ogres
  2 scorpions (D:5)
  A bullfrog zombie (D:5)
  2 hounds (D:4)
  A bullfrog skeleton (D:5)
  An orc wizard (D:5)
  A hound skeleton (D:5)
  Robin (D:2)
  3 adders
  2 worms
  A dart slug (D:2)
  13 orcs
  2 endoplasms
  2 giant cockroaches
  16 goblins
  9 hobgoblins
  7 jackals
  7 kobolds
  5 quokkas
  5 ball pythons
  8 bats
  2 frilled lizards (D:2)
  3 rats
97 creatures vanquished.

Vanquished Creatures (others)
  4 plants (D:4)
4 creatures vanquished.

Grand Total: 101 creatures vanquished

Notes
Turn   | Place    | Note
-------+----------+-------------------------------------------
     0 | D:1      | RascalDebosk the Hill Orc Fighter began the quest for the
                  | Orb.
     0 | D:1      | Reached XP level 1. HP: 19/19 MP: 1/1
   413 | D:1      | Reached XP level 2. HP: 20/27 MP: 2/2
  1200 | D:2      | Reached skill level 1 in Invocations
  1306 | D:2      | Reached XP level 3. HP: 33/33 MP: 3/3
  1330 | D:2      | Reached skill level 1 in Evocations
  1397 | D:2      | Found a basalt altar of Yredelemnul.
  1414 | D:2      | Noticed Robin
  1429 | D:2      | Killed Robin
  1430 | D:2      | Reached XP level 4. HP: 27/40 MP: 5/5
  1985 | D:2      | Got the Volume of Captivating Necromancy
  2144 | D:3      | Found a broken altar of Ashenzari.
  2613 | D:3      | Reached XP level 5. HP: 45/46 MP: 6/6
  3307 | D:4      | Found a bloodstained altar of Trog.
  3384 | D:4      | Noticed an ogre
  3398 | D:4      | Killed an ogre
  3399 | D:4      | Reached XP level 6. HP: 53/53 MP: 6/8
  3583 | D:4      | Found a stormy altar of Qazlal.
  3605 | D:4      | Found a burning altar of Makhleb.
  3881 | D:5      | Entered Level 5 of the Dungeon
  3894 | D:5      | Found a staircase to the Ecumenical Temple.
  3903 | Temple   | Entered the Ecumenical Temple
  3996 | D:5      | Noticed a necrophage
  4003 | D:5      | Killed a necrophage
  4136 | D:5      | Reached skill level 5 in Fighting
  4136 | D:5      | Reached XP level 7. HP: 61/61 MP: 9/9
  4646 | D:5      | Reached skill level 5 in Axes
  4667 | D:5      | Noticed a two-headed ogre
  4693 | D:5      | Slain by a two-headed ogre

Illustrated notes

Levels and vault maps discovered:
D:1:      sevenhm_arrival_forest_fort_small_4, layout_loops_corners
D:2:      layout_loops_cross, basic_altar, uniq_robin
D:3:      layout_basic, mainiacjoe_overflow_paths
D:4:      layout_basic, mainiacjoe_overflow_catch_the_wave,
          mainiacjoe_overflow_surrounded_room
D:5:      layout_basic, minmay_temple_entry_glassed_door, serial_shops, shop,
          st_stairs_4
Temple:   jpeg_temple_clearing

Skill      XL: |  1  2  3  4  5  6  7 |
---------------+----------------------+-----
Axes           | 3 4 5 |  5.0
Invocations    | 1 2 3 4 |  4.0
Evocations     | 1 2 3 |  3.0
Fighting       | 4 5 |  5.3
Armour         | 4 |  4.9
Shields        | 4 |  4.7

Action                   |  1- 3 |  4- 6 |  7- 9 || total
-------------------------+-------+-------+-------++-------
Melee: War axe           |    84 |   177 |    40 ||   301
Throw: Dart              |     2 |     3 |     4 ||     9
  Use: Scroll            |       |    11 |       ||    11
Armor: Scale mail        |    47 |   114 |    24 ||   185
       Skin              |     3 |       |       ||     3
Dodge: Dodged            |    39 |   106 |    28 ||   173
Block: Buckler           |    18 |    39 |    12 ||    69
